 Dungeon Crawl Stone Soup version 0.27-a0-333-gfa571bf19a (webtiles) character file.

Game seed: 10632820330929210326

23 inc the Ducker (level 2, 0/21 HPs)
             Began as a Felid Monk on Feb 12, 2021.
             Was a Believer of Nemelex Xobeh.
             Succumbed to an adder's poison
             ... on level 2 of the Dungeon.
             The game lasted 00:01:20 (813 turns).

inc the Ducker (Felid Monk)                          Turns: 813, Time: 00:01:21

Health: 0/21       AC: 21    Str:  6 (7)  XL:     2   Next: 72%
Magic:  3/3        EV:  4    Int:  8 (11) God:    Nemelex Xobeh [**....]
Gold:   91         SH:  0    Dex: 16 (18) Spells: 1/1 levels left
                                        Lives:  0   Deaths: 0

rFire    . . .     SeeInvis +     - Unarmed
rCold    . . .     Faith    .   (shield unavailable)
rNeg     + + +     Spirit   .   (armour unavailable)
rPois    +         Reflect  .   (helmet unavailable)
rElec    .         Harm     .   (cloak unavailable)
rCorr    .         Rampage  .   (gloves unavailable)
Will     .....     NoTele   +   (boots unavailable)
Stlth    ++........             (no amulet)
HPRegen  0.07/turn              (no ring)
MPRegen  0.08/turn              (no ring)

@: lethally poisoned (0 -> -5), tree-form, hasted, very quick
A: very small, no armour, no weapons or thrown items, stealth, see invisible
a: Renounce Religion, Draw Escape, Draw Destruction, Draw Summoning


You were on level 2 of the Dungeon.
You worshipped Nemelex Xobeh.
Nemelex Xobeh was pleased with you.
You were a tree.
You visited 1 branch of the dungeon, and saw 2 of its levels.

You collected 91 gold pieces.

Inventory:

Jewellery
 f - a ring of positive energy {unknown}
Scrolls
 e - a scroll of fear {unknown}
 g - a scroll of fog {unknown}
Potions
 a - a potion of haste
 b - a potion of degeneration
 d - a potion of might {unknown}


   Skills:
 - Level 3.0 Fighting
 - Level 5.3 Dodging
 - Level 2.6 Stealth
 - Level 3.0 Unarmed Combat
 + Level 0.3 Invocations


You had one spell level left.
You didn't know any spells.
Your spell library was empty.

Dungeon Overview and Level Annotations

Branches:
Dungeon (2/15)

Altars:
Nemelex Xobeh


Innate Abilities, Weirdness & Mutations

You cannot wear armour.
You are incapable of wielding weapons or throwing items.
Your paws allow you to move quietly. (Stealth)
((You have sharp claws.))
((You have razor-sharp teeth.))
You have supernaturally acute eyesight. (SInv)
((You cover ground quickly.))
((You are covered in fur. (AC +1)))
((Your sharp claws are effective at attacking unaware monsters.))


Message History

You scratch the kobold.
You kill the kobold!
No target in view!
HP restored.
A goblin comes into view. It is wielding a +0 club.
A goblin is nearby!
A goblin is nearby!
The goblin shouts!
You hear a shout!
You scratch the goblin.
You kill the goblin!
No target in view!
g - a scroll labelled XEWEXY FOEDOAW A rat comes into view.
A rat is nearby!
A rat is nearby!
A hobgoblin comes into view.
An adder comes into view.
Found a pair of gloves.
The hobgoblin completely misses you.
You closely miss the hobgoblin. The hobgoblin hits you.
The adder hisses angrily.
You scratch the hobgoblin but do no damage.
The hobgoblin misses you. The rat completely misses you.
You closely miss the adder. The adder bites you.
You are poisoned.
The adder poisons you! The hobgoblin misses you.
You feel sick.
You feel sick. The adder misses you.
You feel sick.
It was a potion of haste.
You feel yourself speed up. The adder bites you.
* * * LOW HITPOINT WARNING * * *
It was a potion of degeneration.
There was something very wrong with that liquid.
You feel weakened.
You feel dopey.
You feel clumsy. The adder misses you.
It was a potion of lignification.
You turn into a tree.
Your roots penetrate the ground.
You die...
Your body disappears without a glow.

..# #.# #.# #.# #.#
#############.#
#........♣Srg.#
#.##########..# #.#####.#
#..## ........###
###.g.#####.# ..........#
#.........[.# ...######.#
#.............
##.######.######......#######
#.....[....)....#...##
###.######.########..##


You could see an adder, a hobgoblin and a rat.

Vanquished Creatures
  A bat (D:1)
  2 giant cockroaches (D:1)
  3 goblins
  2 hobgoblins (D:1)
  3 jackals (D:1)
  7 kobolds
  A rat (D:2)
19 creatures vanquished.

Notes
Turn   | Place    | Note
-------+----------+-------------------------------------------
     0 | D:1      | inc the Felid Monk began the quest for the Orb.
     0 | D:1      | Reached XP level 1. HP: 10/10 MP: 2/2
   208 | D:1      | Reached XP level 2. HP: 14/14 MP: 3/3
   216 | D:1      | Found a sparkling altar of Nemelex Xobeh.
   331 | D:1      | Reached skill level 5 in Dodging
   680 | D:1      | Became a worshipper of Nemelex Xobeh the Trickster
   680 | D:1      | Reached * piety under Nemelex Xobeh
   680 | D:1      | Received a gift from Nemelex Xobeh
   680 | D:1      | Received a gift from Nemelex Xobeh
   680 | D:1      | Reached ** piety under Nemelex Xobeh
   813 | D:2      | Succumbed to an adder's poison

Illustrated notes

Levels and vault maps discovered:
D:1:      elethiomel_arrival_shortcut, layout_basic,
          nemelex_xobeh_ov_fountains_minmay
D:2:      layout_loops_ring, lemuel_crystal_altar, minmay_tromino_v4_b

Skill      XL: |  1  2 |
---------------+-------+-----
Dodging        | 5 |  5.3
Fighting       | |  3.0
Stealth        | |  2.6
Unarmed Combat | |  3.0
Invocations    | |  0.3

Action                   || total
-------------------------++-------
Melee: Unarmed           ||    47
       Bite              ||     4
  Use: Potion            ||     3
 Stab: Sleeping          ||     4
Dodge: Dodged            ||    38

Table legend: (Time is in decaauts)
 A = Elapsed time spent in this place.
 B = Non-inter-level travel time spent in this place.
 C = Inter-level travel time spent in this place.
 D = Time resting spent in this place.
 E = Time spent auto-exploring this place.
 F = Levels seen in this place.
 G = Mean time per level.
                   A        B        C        D        E       F      G
               +--------+--------+--------+--------+--------+-----+--------+
         Total |    698 |    687 |     11 |     74 |    439 |   2 |  349.0 |
       Dungeon |    698 |    687 |     11 |     74 |    439 |   2 |  349.0 |
               +--------+--------+--------+--------+--------+-----+--------+

Top non-repeatable levels by time:
     D:1: 590 daAuts
     D:2: 108 daAuts
